 Dungeon Crawl Stone Soup version 0.21.1-1-g345015fe64 (webtiles) character file.

2120 Hercules1031 the Shield-Bearer (level 9, 0/73 HPs)
             Began as a Gnoll Fighter on June 23, 2018.
             Was an Initiate of Ashenzari.
             Killed from afar by an electric eel (5 damage)
             ... with a bolt of electricity
             ... on level 6 of the Dungeon.
             The game lasted 00:19:35 (5161 turns).

Hercules1031 the Shield-Bearer (Gnoll Fighter)      Turns: 5161, Time: 00:19:36

Health: 0/73       AC: 12    Str: 24    XL:     9   Next: 29%
Magic:  0/15       EV:  7    Int:  8    God:    Ashenzari [......]
Gold:   53         SH: 18    Dex: 15    Spells: 16/16 levels left

rFire    . . .     SeeInvis .   q - +5 flail (venom)
rCold    + . .     Gourm    .   u - +1 large shield (curse)
rNeg     . . .     Faith    .   t - +0 chain mail
rPois    .         Spirit   +   (no helmet)
rElec    .         Reflect  .   (no cloak)
rCorr    .         Harm     .   (no gloves)
MR       +....                  w - +0 pair of boots (curse)
Stlth    ..........             e - amulet of guardian spirit (curse)
HPRegen  0.22/turn              h - ring of protection from magic
MPRegen  0.14/turn              (no ring)

@: no status effects
A: distributed training, fangs 1, cold resistance 1, dopey 1, strong 1, strong
nose
a: Curse Item, Renounce Religion


You were on level 6 of the Dungeon.
You worshipped Ashenzari.
Ashenzari was noncommittal.
You were not hungry.

You visited 1 branch of the dungeon, and saw 6 of its levels.
You also visited: Sewer.

You collected 311 gold pieces.
You spent 258 gold pieces at shops.

Inventory:

Hand Weapons
 a - a +0 war axe
 q - a +5 flail of venom (weapon)
Armour
 b - a +0 scale mail
 t - a +0 chain mail (worn)
 u - a cursed +1 large shield (worn)
 w - a cursed +0 pair of boots (worn)
Jewellery
 e - a cursed amulet of guardian spirit (around neck)
 h - a ring of protection from magic (left hand)
Wands
 g - a wand of flame (20)
Scrolls
 c - 5 scrolls of identify
 f - a scroll of enchant weapon
 j - 4 scrolls of teleportation
 k - 2 scrolls of fear
 l - a scroll of amnesia
 m - a scroll of magic mapping
Potions
 d - 3 potions of might
 x - 2 potions of cancellation
Books
 i - a book of Maledictions

   Spells                             Type                      Level
   a - Corona                         Hexes                        1
   b - Ensorcelled Hibernation        Hexes/Ice                    2
   c - Confuse                        Hexes                        3
   d - Tukima's Dance                 Hexes                        3
   e - Dazzling Spray                 Conjuration/Hexes            3
 n - a book of Cantrips

   Spells                             Type                      Level
   a - Confusing Touch                Hexes                        1
   b - Animate Skeleton               Necromancy                   1
   c - Summon Small Mammal            Summoning                    1
   d - Apportation                    Translocation                1
Comestibles
 v - a ration


   Skills:
 + Level 7.7 Fighting
 + Level 4.0 Short Blades
 + Level 4.0 Long Blades
 + Level 6.1 Axes
 + Level 4.0 Maces & Flails
 + Level 4.0 Polearms
 + Level 4.0 Staves
 + Level 4.0 Slings
 + Level 4.0 Bows
 + Level 4.0 Crossbows
 + Level 4.0 Throwing
 + Level 7.7 Armour
 + Level 4.0 Dodging
 + Level 4.0 Stealth
 + Level 7.7 Shields
 + Level 4.0 Unarmed Combat
 + Level 4.0 Spellcasting
 + Level 3.3 Conjurations
 + Level 3.3 Hexes
 + Level 3.3 Charms
 + Level 3.3 Summonings
 + Level 3.3 Necromancy
 + Level 3.3 Translocations
 + Level 3.3 Transmutations
 + Level 3.3 Fire Magic
 + Level 3.3 Ice Magic
 + Level 3.3 Air Magic
 + Level 3.3 Earth Magic
 + Level 3.3 Poison Magic
 + Level 4.4 Invocations
 + Level 4.0 Evocations


You had 16 spell levels left.
You didn't know any spells.

Dungeon Overview and Level Annotations

Branches:
Dungeon (6/15)
 Temple: D:4-7

Altars:
Ashenzari
Elyvilon
Qazlal
Sif Muna
Vehumet

Shops:
D:5 ?*[*


Innate Abilities, Weirdness & Mutations

Your experience applies equally to all skills.
You have very sharp teeth.
Your uncanny sense of smell can sniff out nearby items.
Your flesh is cold resistant. (rC+)
You are dopey. (Int -2)
Your muscles are strong. (Str +2)


Message History

The bolt of electricity hits you!
* * * LOW HITPOINT WARNING * * *
Okay, then.
As you read the scroll of fog, it crumbles to dust.
The scroll dissolves into smoke.
You see here 12 gold pieces.
You now have 53 gold pieces (gained 12).
You closely miss the electric eel.
Your shield and chain mail prevent you from hitting the electric eel.
You miss the electric eel. Your bite misses the electric eel.
The electric eel shoots out a bolt of lightning at you!
The bolt of electricity hits you!
* * * LOW HITPOINT WARNING * * *
The electric eel shoots out a bolt of lightning at you!
The bolt of electricity hits you!
* * * LOW HITPOINT WARNING * * *
You closely miss the electric eel.
The electric eel shoots out a bolt of lightning at you!
The bolt of electricity hits you!
You die...

########++##############
≈≈≈≈≈≈≈.....≈≈≈≈≈≈≈≈≈≈≈≈
≈≈≈≈≈≈≈.....≈≈≈≈≈≈≈≈≈≈≈≈
≈≈≈≈≈≈.....≈≈≈≈≈≈≈≈≈≈≈≈≈
.≈≈≈≈≈;@...§.≈≈≈≈≈.≈≈.≈≈
........§§§§))..........
........§§§†(((((.......
...#.###§§§.............
#. #...§......###...#.#.
# ##.##............#.#.
# ##########.#####. ....
## .....


You could see an electric eel.

Vanquished Creatures
  Grinder (D:3)
  Edmund (D:4)
  Duvessa (D:5)
  2 sky beasts
  2 ice beasts
  3 ogres
  A centaur (D:2)
  A big kobold (Sewer)
  A bullfrog (D:6)
  Dowan (D:5)
  An electric eel (D:6)
  3 hounds
  A jelly (D:5)
  An orc priest (D:4)
  Natasha (thrice) (D:3)
  6 orc wizards
  3 worker ants
  A hound skeleton (D:4)
  4 river rats
  11 adders
  A shadow imp (D:5)
  2 oozes
  An adder skeleton (D:5)
  A worm (D:2)
  A dart slug (D:3)
  5 leopard geckos
  13 orcs
  5 bats
  5 giant cockroaches
  5 hobgoblins
  4 jackals (D:3)
  23 kobolds
  3 quokkas
  8 ball pythons
  6 frilled lizards
  11 goblins
  A quokka skeleton (D:4)
  33 rats
176 creatures vanquished.

Vanquished Creatures (others)
  A goblin (D:6)
1 creature vanquished.

Grand Total: 177 creatures vanquished

Notes
Turn   | Place    | Note
-------+----------+-------------------------------------------
     0 | D:1      | Hercules1031 the Gnoll Fighter began the quest for the Orb.
     0 | D:1      | Reached XP level 1. HP: 23/23 MP: 1/1
    92 | D:1      | Reached XP level 2. HP: 29/29 MP: 2/2
   445 | D:1      | Reached XP level 3. HP: 30/35 MP: 1/3
  1039 | D:2      | Reached skill level 1 in Invocations
  1101 | D:2      | Reached skill level 1 in Short Blades
  1101 | D:2      | Reached skill level 1 in Long Blades
  1101 | D:2      | Reached skill level 1 in Maces & Flails
  1101 | D:2      | Reached skill level 1 in Polearms
  1101 | D:2      | Reached skill level 1 in Staves
  1101 | D:2      | Reached skill level 1 in Slings
  1101 | D:2      | Reached skill level 1 in Bows
  1101 | D:2      | Reached skill level 1 in Crossbows
  1101 | D:2      | Reached skill level 1 in Throwing
  1101 | D:2      | Reached skill level 1 in Dodging
  1101 | D:2      | Reached skill level 1 in Stealth
  1101 | D:2      | Reached skill level 1 in Unarmed Combat
  1101 | D:2      | Reached skill level 1 in Spellcasting
  1101 | D:2      | Reached skill level 1 in Evocations
  1140 | D:2      | Found a white marble altar of Elyvilon.
  1140 | D:2      | Noticed a centaur
  1146 | D:2      | Killed a centaur
  1146 | D:2      | Reached skill level 1 in Conjurations
  1146 | D:2      | Reached skill level 1 in Hexes
  1146 | D:2      | Reached skill level 1 in Charms
  1146 | D:2      | Reached skill level 1 in Summonings
  1146 | D:2      | Reached skill level 1 in Necromancy
  1146 | D:2      | Reached skill level 1 in Translocations
  1146 | D:2      | Reached skill level 1 in Transmutations
  1146 | D:2      | Reached skill level 1 in Fire Magic
  1146 | D:2      | Reached skill level 1 in Ice Magic
  1146 | D:2      | Reached skill level 1 in Air Magic
  1146 | D:2      | Reached skill level 1 in Earth Magic
  1146 | D:2      | Reached skill level 1 in Poison Magic
  1146 | D:2      | Reached XP level 4. HP: 33/41 MP: 4/6
  1146 | D:2      | Reached XP level 5. HP: 38/47 MP: 4/7
  1319 | D:2      | Gained mutation: Your mind is acute. (Int +2) [potion of mutation]
  1319 | D:2      | Gained mutation: You are surrounded by a mild repulsion field. (EV +2) [potion of mutation]
  1319 | D:2      | Gained mutation: You are somewhat resistant to further mutation. [potion of mutation]
  1449 | D:3      | Found a radiant altar of Vehumet.
  1754 | D:3      | Found a shattered altar of Ashenzari.
  1870 | D:3      | Noticed Natasha
  1881 | D:3      | Killed Natasha
  1881 | D:3      | Reached XP level 6. HP: 43/53 MP: 5/8
  1987 | D:3      | Noticed Natasha
  2009 | D:3      | Killed Natasha
  2069 | D:3      | Noticed Natasha
  2281 | D:3      | Found a deep blue altar of Sif Muna.
  2306 | D:3      | Reached skill level 5 in Axes
  2507 | D:3      | Killed Natasha
  2515 | D:3      | Lost mutation: Your mind is acute. (Int +2) [potion of mutation]
  2515 | D:3      | Lost mutation: You are somewhat resistant to further mutation. [potion of mutation]
  2515 | D:3      | Lost mutation: You are surrounded by a mild repulsion field. (EV +2) [potion of mutation]
  2515 | D:3      | Gained mutation: You have a pair of small horns on your head. [potion of mutation]
  2515 | D:3      | Gained mutation: You possess an exceptional clarity of mind. [potion of mutation]
  2515 | D:3      | Gained mutation: Your flesh is cold resistant. (rC+) [potion of mutation]
  2515 | D:3      | Gained mutation: Your flesh is very cold resistant. (rC++) [potion of mutation]
  2520 | D:3      | Noticed Grinder
  2522 | D:3      | Became a worshipper of Ashenzari the Shackled
  2546 | D:3      | Paralysed by Grinder for 5 turns
  2558 | D:3      | Killed Grinder
  2558 | D:3      | Reached XP level 7. HP: 23/60 MP: 4/10
  3116 | D:4      | Found a glowing drain.
  3128 | Sewer    | Entered a sewer
  3883 | D:4      | Reached XP level 8. HP: 67/67 MP: 12/12
  3896 | D:4      | Found a stormy altar of Qazlal.
  3896 | D:4      | Noticed a water elemental
  3897 | D:4      | Noticed Edmund
  3925 | D:4      | Killed Edmund
  4267 | D:4      | Noticed an air elemental
  4355 | D:4      | Lost mutation: You possess an exceptional clarity of mind. [potion of mutation]
  4355 | D:4      | Lost mutation: You have a pair of small horns on your head. [potion of mutation]
  4355 | D:4      | Lost mutation: Your flesh is very cold resistant. (rC++) [potion of mutation]
  4355 | D:4      | Gained mutation: You are dopey. (Int -2) [potion of mutation]
  4355 | D:4      | Gained mutation: You have large cloven feet. [potion of mutation]
  4355 | D:4      | Lost mutation: You have large cloven feet. [potion of mutation]
  4355 | D:4      | Gained mutation: Your muscles are strong. (Str +2) [potion of mutation]
  4509 | D:5      | Entered Level 5 of the Dungeon
  4510 | D:5      | Noticed Dowan
  4511 | D:5      | Noticed Duvessa
  4520 | D:5      | Killed Duvessa
  4533 | D:5      | Killed Dowan
  4568 | D:5      | Found Teovut's Assorted Antiques.
  4575 | D:5      | Bought a large shield for 144 gold pieces
  4623 | D:5      | Bought a scroll of remove curse for 96 gold pieces
  4632 | D:5      | Found Roep's Armour Shoppe.
  4667 | D:5      | Found Kywied's General Store.
  4670 | D:5      | Bought a cursed +0 pair of boots for 18 gold pieces
  4799 | D:5      | Reached XP level 9. HP: 58/72 MP: 10/14
  4989 | D:5      | Found Yris's Magic Scroll Shop.
  5161 | D:6      | Killed from afar by an electric eel

Skill      XL: |  1  2  3  4  5  6  7  8  9 |
---------------+----------------------------+-----
Invocations    | 1 2 3 4 |  4.4
Short Blades   | 1 2 3 4 |  4.0
Long Blades    | 1 2 3 4 |  4.0
Maces & Flails | 1 2 3 4 |  4.0
Polearms       | 1 2 3 4 |  4.0
Staves         | 1 2 3 4 |  4.0
Slings         | 1 2 3 4 |  4.0
Bows           | 1 2 3 4 |  4.0
Crossbows      | 1 2 3 4 |  4.0
Throwing       | 1 2 3 4 |  4.0
Dodging        | 1 2 3 4 |  4.0
Stealth        | 1 2 3 4 |  4.0
Unarmed Combat | 1 2 3 4 |  4.0
Spellcasting   | 1 2 3 4 |  4.0
Evocations     | 1 2 3 4 |  4.0
Conjurations   | 1 2 3 |  3.3
Hexes          | 1 2 3 |  3.3
Charms         | 1 2 3 |  3.3
Summonings     | 1 2 3 |  3.3
Necromancy     | 1 2 3 |  3.3
Translocations | 1 2 3 |  3.3
Transmutations | 1 2 3 |  3.3
Fire Magic     | 1 2 3 |  3.3
Ice Magic      | 1 2 3 |  3.3
Air Magic      | 1 2 3 |  3.3
Earth Magic    | 1 2 3 |  3.3
Poison Magic   | 1 2 3 |  3.3
Axes           | 5 6 |  6.1
Fighting       | 7 |  7.7
Armour         | 7 |  7.7
Shields        | 7 |  7.7

Action                   |  1- 3 |  4- 6 |  7- 9 || total
-------------------------+-------+-------+-------++-------
Melee: War axe           |    84 |   162 |   142 ||   388
       Bite              |     9 |    22 |    29 ||    60
       Headbutt          |       |     2 |    31 ||    33
       Flail             |       |       |   106 ||   106
Invok: Curse Item        |       |     1 |     1 ||     2
  Use: Potion            |     1 |     7 |    12 ||    20
       Scroll            |       |     2 |    12 ||    14
  Eat: Ration            |     1 |     1 |     2 ||     4
       Chunk             |       |       |     2 ||     2
Armor: Scale mail        |    37 |    82 |    82 ||   201
       Skin              |       |       |     1 ||     1
       Chain mail        |       |       |    36 ||    36
Dodge: Dodged            |    32 |    83 |    96 ||   211
Block: Shield            |    55 |   104 |   155 ||   314
       Large shield      |       |       |    68 ||    68
